AoeStats
← doncath44

Arena

504861024Analyzed
4v4 RM · 25d ago on Sep 6, 2026· 44m 7s· 8 players
Game mode
Random Map
Map size
Large (8 player)
Population
200
Speed
Normal
Resources
Standard
Victory
Conquest
Starting age
Dark Age
Ending age
Imperial Age
RankedLock teamsTeams togetherTeam positionsShared explorationLock speedFull tech treeHidden civsTurbo modeCheats
Victory
Defeat
🇺🇸 Lithuanians · United States
1243
+12
🇦🇺 Japanese · Australia
1193
+14
🇹🇼 Huns · Taiwan
1060
+20
🇺🇸 Goths · United States
1054
+20
🇪🇸 Goths · Spain
1207
-19
🇵🇱 Berbers · Poland
1151
-17
🇮🇳 Poles · India
1143
-16
🇨🇴 Bohemians · Colombia
1095
-14
doncath44
11:38 Feudal Age
15:51 Castle Age
14:31 Double-Bit Axe
14:44 Horse Collar
15:19 Stone Mining
17:00 Heavy Plow
18:39 Bow Saw
21:56 Scale Mail Armor
24:33 Chain Mail Armor
26:56 Forging
26:48 Squires
26:34 Arson
29:06 Iron Casting
31:29 Pikeman
32:59 Wheelbarrow
Sir Cumcised
0:31 Loom
9:14 Feudal Age
11:48 Double-Bit Axe
15:37 Castle Age
15:42 Horse Collar
17:38 Wheelbarrow
21:27 Bow Saw
23:03 Heavy Plow
26:38 Hand Cart
26:09 Town Watch
29:43 Imperial Age
27:54 Gold Mining
27:57 Stone Mining
29:53 Elite Camel Archer
32:20 Ballistics
31:55 Fletching
32:18 Bloodlines
32:08 Husbandry
33:46 Bodkin Arrow
33:51 Padded Archer Armor
37:47 Chemistry
36:54 Bracer
37:10 Leather Archer Armor
37:05 Thumb Ring
36:21 Elite Genitour
39:49 Fortified Wall
40:15 Ring Archer Armor
40:04 Maghrebi Camels
41:58 Siege Engineers
41:49 Murder Holes
TAS69
3:46 Loom
12:35 Feudal Age
17:18 Castle Age
15:22 Double-Bit Axe
15:20 Horse Collar
15:35 Gold Mining
17:48 Stone Mining
18:41 Bow Saw
18:35 Heavy Plow
24:16 Wheelbarrow
24:22 Pikeman
25:02 Squires
24:36 Man-at-Arms
25:21 Scale Mail Armor
25:32 Forging
26:21 Long Swordsman
28:08 Hand Cart
33:28 Imperial Age
32:53 Pikeman
34:35 Conscription
34:28 Halberdier
35:03 Two-Handed Swordsman
38:18 Chain Mail Armor
38:14 Forging
38:00 Champion
39:49 Two-Man Saw
40:50 Perfusion
44:24 Iron Casting
CVPE | Monje del SENA
3:25 Loom
10:52 Feudal Age
15:31 Castle Age
14:24 Double-Bit Axe
16:35 Horse Collar
28:07 Fortified Wall
Nobsniper
10:10 Feudal Age
12:24 Loom
14:45 Castle Age
12:33 Loom
14:11 Double-Bit Axe
29:42 Fletching
Bullseye42
0:29 Loom
6:40 Loom
12:18 Feudal Age
14:30 Wheelbarrow
15:04 Town Watch
18:06 Castle Age
16:52 Double-Bit Axe
17:00 Gold Mining
16:54 Horse Collar
17:18 Scale Mail Armor
17:31 Forging
17:53 Bloodlines
18:59 Scale Barding Armor
20:31 Light Cavalry
22:54 Heavy Plow
25:13 Fervor
25:24 Sanctity
25:25 Stone Mining
26:27 Husbandry
27:09 Iron Casting
27:19 Bow Saw
29:19 Hand Cart
34:27 Imperial Age
32:21 Town Patrol
32:57 Anarchy
33:16 Chain Mail Armor
34:37 Squires
34:43 Pikeman
37:18 Blast Furnace
36:45 Conscription
37:21 Perfusion
37:16 Fletching
38:35 Elite Huskarl
40:10 Bodkin Arrow
42:19 Two-Man Saw
41:54 Crop Rotation
42:08 Halberdier
43:08 Bracer
43:33 Ballistics
43:34 Murder Holes
44:40 Chemistry
45:14 Coinage
小汽車
10:54 Feudal Age
14:58 Castle Age
13:45 Double-Bit Axe
14:16 Horse Collar
16:39 Bow Saw
16:36 Heavy Plow
28:51 Imperial Age
26:29 Gold Mining
26:48 Scale Barding Armor
26:41 Loom
26:31 Man-at-Arms
28:34 Wheelbarrow
28:38 Gold Shaft Mining
28:25 Chain Barding Armor
28:08 Marauders
28:13 Husbandry
28:26 Bloodlines
28:40 Forging
28:34 Town Watch
30:48 Plate Barding Armor
30:36 Conscription
31:33 Iron Casting
31:35 Elite Tarkan
34:17 Blast Furnace
41:20 Light Cavalry
43:22 Hand Cart
43:11 Town Patrol
45:45 Two-Man Saw
Porkroll
11:45 Feudal Age
15:57 Castle Age
14:52 Forging
14:42 Scale Mail Armor
15:16 Scale Mail Armor
15:13 Man-at-Arms
16:19 Long Swordsman
22:38 Chain Mail Armor
22:51 Gold Mining
26:36 Wheelbarrow
41:51 Gold Shaft Mining
41:04 Double-Bit Axe
43:31 Hand Cart
Connection lost

Rejoining the realm…

Still unreachable

The connection could not be restored.

Session expired

The server has moved on; the page needs a fresh start.